 Dungeon Crawl Stone Soup version 0.23-a0-650-ga4d50d4 (webtiles) character file.

60 Borgoz the Cutter (level 4, -1/29 HPs)
             Began as a Kobold Berserker on Jan 2, 2019.
             Was a Believer of Trog.
             Splashed by a jelly's acid (3 damage)
             ... on level 2 of the Dungeon.
             The game lasted 00:05:24 (1435 turns).

Borgoz the Cutter (Kobold Berserker)                Turns: 1435, Time: 00:05:25

Health: -1/29      AC: -1    Str: 14    XL:     4   Next: 24%
Magic:  4/4        EV: 16    Int:  8    God:    Trog [**....]
Gold:   91         SH:  0    Dex: 15    Spells: 3/3 levels left

rFire    . . .     SeeInvis .   a - +0 short sword
rCold    . . .     Gourm    .   (shield restricted)
rNeg     . . .     Faith    .   b - +0 animal skin
rPois    +         Spirit   .   (no helmet)
rElec    .         Reflect  .   (no cloak)
rCorr    .         Harm     .   (no gloves)
MR       .....                  (no boots)
Stlth    ++........             (no amulet)
HPRegen  0.09/turn              p - ring of poison resistance
MPRegen  0.09/turn              (no ring)

@: corroded
A: small, carnivore
a: Berserk, Trog's Hand, Renounce Religion


You were on level 2 of the Dungeon.
You worshipped Trog.
Trog was pleased with you.
You were full.

You visited 1 branch of the dungeon, and saw 2 of its levels.

You collected 91 gold pieces.

Inventory:

Hand Weapons
 a - a +0 short sword (weapon)
Armour
 b - a +0 animal skin (worn)
Jewellery
 p - a ring of poison resistance (left hand)
Scrolls
 e - 7 scrolls of identify {unknown}
 h - a scroll of amnesia {unknown}
 i - a scroll of remove curse {unknown}
 j - a scroll of noise {unknown}
 k - 4 scrolls of teleportation {unknown}
 l - a scroll of enchant armour {unknown}
 n - a scroll of random uselessness {unknown}
Potions
 d - a potion of might {unknown}
 f - a potion of mutation {unknown}
 g - a potion of curing {unknown}
 m - a potion of degeneration {unknown}
 o - a potion of invisibility {unknown}
 q - a potion of ambrosia {unknown}
Comestibles
 c - 7 rations


   Skills:
 + Level 3.7 Fighting
 + Level 4.5 Short Blades
 + Level 2.1 Armour
 + Level 3.1 Dodging
 + Level 2.1 Stealth


You had 3 spell levels left.
You didn't know any spells.
Your spell library was empty.

Dungeon Overview and Level Annotations

Branches:
Dungeon (2/15)

Altars:


Innate Abilities, Weirdness & Mutations

You are small and have problems with some larger weapons.
You are carnivorous and can eat meat at any time.


Message History

The adder is almost dead.
The adder bites you.
* * * LOW HITPOINT WARNING * * *
You hit the adder.
You kill the adder!
Trog accepts your kill.
Your Stealth skill increases to level 2!
You hit the jelly.
Your hands burn!
* * * LOW HITPOINT WARNING * * *
The jelly is lightly wounded.
The jelly closely misses you.
You barely miss the jelly.
The jelly is lightly wounded.
The jelly misses you.
You hit the jelly.
Your hands burn!
* * * LOW HITPOINT WARNING * * *
The jelly is moderately wounded.
The jelly closely misses you.
You hit the jelly. The acid corrodes you!
Your hands burn!
You die...

#.......###########..#
#.......############.#######
#.......##...........)†.....
#.......##..##...#....####..
######.......##.# #...#....# ###
.............##.###..##....######
.......#.....##......###...)....#
.......##....##.....## #...#....#
........>.....#.@.### #...#....#
..............#J#### ##..##...#
..............#w...#### #..####.#
..............#..w....####.......
..............#.........###......
..............#...†...... ###....
..............#.###.####. ####.
.........####.#.# ... ##
######'##### .#.# ... ###


You could see a worm and a jelly.

Vanquished Creatures
  2 adders (D:2)
  A worm (D:2)
  A leopard gecko (D:2)
  2 giant cockroaches (D:2)
  5 goblins
  3 hobgoblins
  6 kobolds
  2 quokkas (D:2)
  7 bats
  3 frilled lizards (D:1)
  6 rats
38 creatures vanquished.

Notes
Turn   | Place    | Note
-------+----------+-------------------------------------------
     0 | D:1      | Borgoz the Kobold Berserker began the quest for the Orb.
     0 | D:1      | Reached XP level 1. HP: 14/14 MP: 1/1
    94 | D:1      | Reached XP level 2. HP: 19/19 MP: 2/2
   181 | D:1      | Reached skill level 1 in Stealth
   702 | D:2      | Reached XP level 3. HP: 23/23 MP: 3/3
  1304 | D:2      | Reached ** piety under Trog
  1404 | D:2      | Reached XP level 4. HP: 15/29 MP: 4/4
  1435 | D:2      | Splashed by a jelly's acid

Vault maps used:
D:1:      lightli_arrival_lavapool
D:2:      minmay_recursive_quarters

Skill      XL: |  1  2  3  4 |
---------------+-------------+-----
Stealth        | 1 2 |  2.1
Armour         | 2 |  2.1
Dodging        | 3 |  3.1
Fighting       | |  3.7
Short Blades   | |  4.5

Action                   |  1- 3 |  4- 6 || total
-------------------------+-------+-------++-------
Melee: Short sword       |   118 |    26 ||   144
 Stab: Sleeping          |     5 |       ||     5
  Eat: Chunk             |     6 |       ||     6
Armor: Animal skin       |    34 |     3 ||    37
Dodge: Dodged            |   135 |    34 ||   169

Table legend:
 A = Non-vault XP
 B = Vault XP
 C = Vault XP percentage of total XP
 D = Non-vault monster count
 E = Vault monster count
 F = Vault count percentage of total count
                 A         B        C        D         E       F
            +---------+---------+-------+---------+---------+-------
      Total |      53 |      33 |  38.4 |      27 |      11 |  28.9
            +---------+---------+-------+---------+---------+-------
        D:1 |      28 |       0 |   0.0 |      19 |       0 |   0.0
        D:2 |      25 |      33 |  56.9 |       8 |      11 |  57.9
            +---------+---------+-------+---------+---------+-------
